 Dungeon Crawl Stone Soup version 0.30.1-11-g7821555f0a (webtiles) character file.

Game seed: 16874651606988426093

485 Eitelfritz the Gusty (level 7, 0/37 HPs)
             Began as a Tengu Air Elementalist on Dec 17, 2023.
             Slain by a black bear (3 damage)
             ... on level 5 of the Dungeon.
             The game lasted 00:14:20 (4370 turns).

Eitelfritz the Gusty (Tengu Air Elementalist)       Turns: 4370, Time: 00:14:21

Health: 0/37       AC:  2    Str:  8    XL:     7   Next: 13%
Magic:  18/22      EV: 15    Int: 17    God:
Gold:   287        SH:  0    Dex: 15    Spells: 5/13 levels left

rFire   . . .        a - +1 quarterstaff (heavy)
rCold   . . .        (shield currently unavailable)
rNeg    . . .        r - +0 robe
rPois   .            (helmet restricted)
rElec   .            (no cloak)
rCorr   .            (no gloves)
SInv    +            (boots unavailable)
Will    .....        (no amulet)
Stlth   ++           k - ring of magical power
HPRegen 0.26/turn    l - ring of see invisible
MPRegen 0.18/turn

%: no passive effects
@: flying quickly and evasively, very slightly contaminated, quick
A: beak, talons 3, nimble flight
a: no special abilities


You were on level 5 of the Dungeon.
You visited 2 branches of the dungeon, and saw 6 of its levels.

You collected 287 gold pieces.

Inventory:

Hand Weapons
 a - a +1 heavy quarterstaff (weapon)
 b - a +0 shortbow
Missiles
 f - 5 atropa-tipped darts
 u - 2 throwing nets
Armour
 r - a +0 robe (worn)
Jewellery
 k - a ring of magical power (left hand)
 l - a ring of see invisible (right hand)
Scrolls
 e - 4 scrolls of teleportation
 n - a scroll of vulnerability
Potions
 g - a potion of might {unknown}
 h - 2 potions of flight {unknown}
 j - a potion of curing
 p - a potion of magic
 q - a potion of mutation {unknown}
 s - a potion of heal wounds {unknown}
 t - a potion of degeneration {unknown}
 w - 3 potions of haste


   Skills:
 + Level 0.6 Fighting
 + Level 2.2 Staves
 + Level 3.0 Dodging
 + Level 2.2 Stealth
 + Level 0.6 Unarmed Combat
 + Level 3.7 Spellcasting
 + Level 4.4 Conjurations
 + Level 0.1 Hexes
 + Level 6.6 Air Magic


You had 5 spell levels left.
You knew the following spells:

 Your Spells              Type           Power      Damage    Failure   Level
a - Shock                 Conj/Air       84%        1d8       1%          1
b - Static Discharge      Conj/Air       42%        2-4/arc   2%          2
c - Airstrike             Air            12%        2d(2-18)  11%         4
d - Slow                  Hex            12%        N/A       16%         1

Your spell library contained the following spells:

 Spells                   Type           Power      Damage    Failure   Level
 Swiftness                Air            25%        N/A       3%          3
 Beastly Appendage        Tmut           6%         N/A       16%         1
 Wereblood                Tmut           3%         N/A       24%         2
 Confusing Touch          Hex            3%         N/A       43%         3
 Spider Form              Tmut/Pois      3%         N/A       43%         3
 Vampiric Draining        Necr           3%         2d6       43%         3
 Borgnjor's Revivificati  Necr           1%         N/A       100%        8
 Necromutation            Tmut/Necr      1%         N/A       100%        8
 Death's Door             Necr           1%         N/A       100%        9


Dungeon Overview and Level Annotations

Branches:
Dungeon (5/15)             Temple (1/1) D:4

Altars:
Ashenzari
Cheibriados
Elyvilon
Fedhas
Hepliaklqana
Kikubaaqudgha
Makhleb
Nemelex Xobeh
Okawaru
Sif Muna
Uskayaw
Vehumet
Wu Jian
Xom
Yredelemnul
Zin

Shops:
D:1 (


Innate Abilities, Weirdness & Mutations

You have a beak for a mouth.
You have claws for feet.
Your magical nature lets you fly swiftly and evasively.


Message History

The adder completely misses you. The black bear bites you.
The black bear closely misses you. The black bear claws you.
The adder misses you.
The black bear bites you but does no damage.
The black bear completely misses you. The black bear claws you.
The adder closely misses you.
You sock the black bear! You claw the black bear.
The black bear is heavily wounded.
The black bear bites you. The black bear misses you.
The black bear closely misses you. The adder bites you.
The black bear bites you. The black bear closely misses you.
The black bear claws you. The adder bites you.
* * * LOW HITPOINT WARNING * * *
Casting: Shock (safe; 1% risk of failure)
Confirm with . or Enter, or press ? or * to list all spells.
The black bear is struck by an arc of lightning.
The black bear is severely wounded.
You are struck by an arc of lightning.
* * * LOW HITPOINT WARNING * * *
The black bear is struck by an arc of lightning.
The black bear is severely wounded.
The lightning grounds out.
The adder is struck by an arc of lightning.
The adder is moderately wounded.
You are struck by an arc of lightning.
* * * LOW HITPOINT WARNING * * *
The adder is struck by an arc of lightning.
The adder is almost dead.
The lightning grounds out.
The adder barely misses you.
The black bear goes berserk!
Unknown command.
Casting: Static Discharge (safe; 2% risk of failure)
Confirm with . or Enter, or press ? or * to list all spells.
You miscast Static Discharge.
You are very lightly contaminated with residual magic.
Nothing appears to happen.
The black bear barely misses you. The black bear claws you.
* * * LOW HITPOINT WARNING * * *
The black bear claws you.
You die...

#. #. ##. ..##
#..# .. #..#
....##..##
.......<@##.##
....##..hS...#
. #.#.....#
#..#......#
#.##.......#
.. ........#
.#. #.......#
#... ##.....##
..?...


You could see a black bear (berserk) and an adder.

Vanquished Creatures
  Eustachio (D:4)
  A howler monkey (D:4)
  An orc priest (D:3)
  An iguana (D:4)
  2 orc wizards (D:3)
  3 gnolls (D:4)
  6 adders
  A worm (D:4)
  5 dart slugs
  8 orcs
  8 endoplasms
  7 giant cockroaches
  9 goblins
  10 hobgoblins
  4 jackals (D:2)
  5 quokkas
  9 ball pythons
  7 bats
  6 kobolds
  4 rats (D:1)
98 creatures vanquished.

Notes
Turn   | Place    | Note
-------+----------+-------------------------------------------
     0 | D:1      | Eitelfritz the Tengu Air Elementalist began the quest for
                  | the Orb.
     0 | D:1      | Reached XP level 1. HP: 10/10 MP: 4/4
   222 | D:1      | Found Amaiblax's Weapon Shoppe.
   251 | D:1      | Reached XP level 2. HP: 14/15 MP: 0/6
   316 | D:1      | Learned a level 2 spell: Static Discharge
   478 | D:1      | Found a faded altar of an unknown god.
   693 | D:1      | Reached XP level 3. HP: 19/19 MP: 5/7
  1298 | D:1      | Reached skill level 5 in Air Magic
  1756 | D:2      | Reached XP level 4. HP: 20/24 MP: 8/8
  2354 | D:3      | Found a shimmering altar of Xom.
  2357 | D:3      | Found a basalt altar of Yredelemnul.
  2583 | D:3      | Gained mutation: Your magical nature lets you fly swiftly
                  | and evasively. [Tengu growth]
  2583 | D:3      | Reached XP level 5. HP: 28/28 MP: 10/10
  2692 | D:3      | Found an ancient bone altar of Kikubaaqudgha.
  2694 | D:3      | Found a burning altar of Makhleb.
  2763 | D:3      | Reached skill level 6 in Air Magic
  2833 | D:3      | Reached skill level 1 in Staves
  3080 | D:3      | Learned a level 4 spell: Airstrike
  3287 | D:3      | Found a glowing silver altar of Zin.
  3391 | D:4      | Reached XP level 6. HP: 32/32 MP: 11/11
  3571 | D:4      | Found a staircase to the Ecumenical Temple.
  3581 | D:4      | Noticed Eustachio
  3605 | D:3      | Learned a level 1 spell: Slow
  3682 | D:4      | Killed Eustachio
  3989 | D:4      | Reached XP level 7. HP: 29/37 MP: 13/13
  4240 | Temple   | Entered the Ecumenical Temple
  4360 | D:5      | Entered Level 5 of the Dungeon
  4370 | D:5      | Slain by a black bear

Illustrated notes

Levels and vault maps discovered:
D:1:      saegor_arrival_simple_b, layout_basic,
          dreamdust_ecumenical_altar_statues, serial_shops,
          nicolae_shop_bloodbath_and_beyond, serial_forest,
          infiniplex_forest_side_room, infiniplex_forest_lined_3,
          infiniplex_forest_corner_1, infiniplex_forest_zigzag_2,
          infiniplex_forest_lined_ring, infiniplex_forest_end_1,
          infiniplex_forest_clump_small, infiniplex_forest_diagonal
D:2:      layout_rooms
D:3:      layout_basic, zin_treasury, jmf_multi_god_temple,
          nicolae_overflow_squiral, minmay_misc_feat_four_crosses
D:4:      nicolae_cairo_tiling_large, layout_cave_pools,
          minmay_temple_entry_junction_2, uniq_eustachio
D:5:      layout_rooms, serial_shops, shop_statue, gup_sewer_entry_bubbles
Temple:   hellmonk_temple_of_storms

Skill      XL: |  1  2  3  4  5  6  7 |
---------------+----------------------+-----
Air Magic      | 5 6 |  6.6
Conjurations   | 2 3 4 |  4.4
Spellcasting   | 3 |  3.7
Staves         | 1 2 |  2.2
Dodging        | 3 |  3.0
Fighting       | |  0.6
Stealth        | |  2.2
Unarmed Combat | |  0.6
Hexes          | |  0.1

Action                     |  1- 3 |  4- 6 |  7- 9 || total
---------------------------+-------+-------+-------++-------
  Melee: Unarmed           |    21 |    10 |       ||    31
         Kick              |     3 |    15 |     4 ||    22
         Peck              |     2 |     5 |       ||     7
         Quarterstaff      |       |    39 |    12 ||    51
   Cast: Shock             |    92 |   126 |     8 ||   226
         Slow              |       |     1 |       ||     1
         Static Discharge  |       |       |     1 ||     1
    Use: Scroll            |       |       |     9 ||     9
   Stab: Sleeping          |       |     1 |       ||     1
 Armour: Robe              |     5 |     5 |     1 ||    11
  Dodge: Dodged            |    33 |    49 |    23 ||   105
